AoeStats
← ViChoOP

Black Forest

509788252Analyzed
3v3 RM · 3d ago on Sep 28, 2026· 70m 34s· 6 players
Game mode
Random Map
Map size
Normal (6 player)
Population
200
Speed
Normal
Resources
Standard
Victory
Conquest
Starting age
Dark Age
Ending age
Imperial Age
RankedLock teamsTeams togetherTeam positionsShared explorationLock speedFull tech treeHidden civsTurbo modeCheats
Victory
Defeat
🇦🇷 Spanish · Argentina
717
+8
🇨🇳 Burgundians · China
635
+11
🇲🇽 Chinese · Mexico
402
+19
🇨🇱 Vikings · Chile
689
-50
🇧🇷 Khmer · Brazil
452
-10
🇨🇱 Khmer · Chile
386
-8
ViChoOP
4:56 Loom
13:02 Feudal Age
14:59 Wheelbarrow
14:34 Gold Mining
14:35 Double-Bit Axe
16:28 Horse Collar
22:28 Castle Age
22:14 Town Watch
23:26 Hand Cart
23:16 Heavy Plow
23:29 Bow Saw
23:47 Town Patrol
31:36 Gold Shaft Mining
36:52 Pikeman
46:42 Imperial Age
46:51 Heavy Scorpion
50:26 Heated Shot
51:40 Chemistry
51:01 Ballistics
50:56 Masonry
54:00 Siege Engineers
57:24 Double Crossbow
60:53 Elite Ballista Elephant
Wendell, O Malakoi
2:43 Loom
11:54 Feudal Age
13:04 Horse Collar
13:14 Double-Bit Axe
13:30 Town Watch
15:38 Wheelbarrow
20:52 Gold Mining
23:01 Bloodlines
28:30 Castle Age
26:45 Man-at-Arms
27:57 Scale Mail Armor
28:03 Scale Barding Armor
29:04 Light Cavalry
30:44 Chain Mail Armor
39:07 Hand Cart
41:32 Bow Saw
44:49 Long Swordsman
47:19 Masonry
48:11 Fortified Wall
48:21 Husbandry
48:35 Padded Archer Armor
51:26 Heavy Plow
53:48 Gold Shaft Mining
57:01 Imperial Age
54:40 Elite Skirmisher
55:34 Crossbowman
59:34 Town Patrol
65:06 Caravan
ExodChronoss
13:37 Feudal Age
16:31 Horse Collar
18:07 Double-Bit Axe
20:24 Gold Mining
25:25 Castle Age
27:14 Gold Shaft Mining
26:33 Stone Mining
27:04 Bow Saw
33:30 Loom
33:33 Town Watch
40:13 Man-at-Arms
jcalderon.n
0:38 Loom
16:50 Feudal Age
19:53 Wheelbarrow
19:09 Double-Bit Axe
19:18 Gold Mining
19:22 Stone Mining
26:24 Horse Collar
29:35 Castle Age
33:26 Bow Saw
36:09 Scale Barding Armor
36:15 Forging
37:21 Hand Cart
39:17 Great Wall
39:32 Fortified Wall
42:55 Imperial Age
42:38 Gold Shaft Mining
42:46 Bloodlines
42:36 Husbandry
44:01 Murder Holes
44:00 Guard Tower
44:34 Chain Barding Armor
44:50 Iron Casting
44:16 Padded Archer Armor
44:07 Fletching
47:09 Two-Man Saw
46:27 Heavy Plow
46:59 Rocketry
46:00 Elite Chu Ko Nu
46:11 Cavalier
48:43 Stone Shaft Mining
50:56 Plate Barding Armor
51:22 Blast Furnace
50:18 Bodkin Arrow
50:38 Leather Archer Armor
51:37 Keep
51:32 Ballistics
52:20 Chemistry
53:44 Caravan
54:15 Coinage
54:25 Bracer
54:14 Crossbowman
55:00 Thumb Ring
54:15 Elite Skirmisher
55:32 Bombard Tower
57:06 Scale Mail Armor
57:37 Ring Archer Armor
Alanvzqq
0:28 Loom
12:35 Feudal Age
13:55 Wheelbarrow
13:08 Double-Bit Axe
13:05 Horse Collar
13:13 Town Watch
15:07 Gold Mining
15:20 Stone Mining
21:52 Castle Age
26:20 Imperial Age
24:59 Hand Cart
24:48 Heavy Plow
25:13 Bow Saw
31:17 Stone Shaft Mining
33:46 Forging
33:41 Scale Barding Armor
36:18 Iron Casting
36:03 Chain Barding Armor
35:56 Fortified Wall
35:57 Masonry
35:44 Murder Holes
36:10 Ballistics
37:35 Two-Man Saw
36:37 Cavalier
37:18 Husbandry
38:17 Town Patrol
38:37 Caravan
39:19 Husbandry
39:30 Bloodlines
39:11 Paladin
41:11 Blast Furnace
40:47 Plate Barding Armor
40:57 Plate Barding Armor
41:02 Coinage
43:07 Scale Mail Armor
42:58 Fletching
43:08 Padded Archer Armor
48:33 Elite Conquistador
49:13 Inquisition
49:33 Supremacy
49:49 Hoardings
48:44 Sappers
49:34 Conscription
48:37 Light Cavalry
49:46 Guilds
50:10 Banking
51:18 Hussar
51:37 Pikeman
52:18 Squires
52:03 Gambesons
51:40 Man-at-Arms
52:05 Arson
52:39 Chain Mail Armor
52:19 Bodkin Arrow
52:39 Leather Archer Armor
53:27 Chemistry
52:57 Architecture
52:18 Guard Tower
52:13 Arrowslits
57:03 Plate Mail Armor
56:34 Bracer
57:04 Ring Archer Armor
56:59 Bombard Tower
57:15 Keep
56:02 Halberdier
56:02 Long Swordsman
70:34 Spies/Treason
修临天下
0:43 Loom
4:40 Wheelbarrow
11:20 Double-Bit Axe
14:21 Feudal Age
13:51 Horse Collar
15:15 Bow Saw
15:09 Heavy Plow
16:10 Gold Mining
17:43 Gold Shaft Mining
19:11 Hand Cart
19:54 Town Watch
21:27 Stone Mining
21:46 Scale Barding Armor
21:52 Forging
23:56 Castle Age
22:37 Fletching
23:26 Stone Shaft Mining
23:26 Padded Archer Armor
23:54 Arson
24:33 Scale Mail Armor
25:06 Squires
24:28 Pikeman
25:11 Squires
26:36 Two-Man Saw
26:10 Crop Rotation
26:44 Husbandry
26:24 Cavalier
27:44 Chain Barding Armor
35:46 Imperial Age
33:17 Bodkin Arrow
33:57 Iron Casting
38:39 Arrowslits
43:21 Chemistry
42:42 Ballistics
43:55 Chain Mail Armor
44:41 Blast Furnace
44:22 Halberdier
45:09 Bracer
50:23 Plate Mail Armor
50:09 Leather Archer Armor
50:31 Plate Barding Armor
50:04 Burgundian Vineyards
51:29 Elite Skirmisher
52:51 Elite Coustillier
54:21 Murder Holes
56:48 Caravan
Connection lost

Rejoining the realm…

Still unreachable

The connection could not be restored.

Session expired

The server has moved on; the page needs a fresh start.